Map: Tokamak LE

Players

ManlyManMeat

  • Race: Zerg Zerg
  • League: Diamond
  • Spawn Location: 7:00

Mark - Winner!

  • Race: Terran Terran
  • Spawn Location: 1:00

VOD

Have the link to the VOD?

Description

Time

  • Played on: July 8, 2025, 7:12 a.m.
  • Length: 9:52
Show
View Real Time Build Order
Export as new Build Order

ManlyManMeat Zerg 

Build Orders: Hatch First 

Get SALT Encoding   

  12  0:00  Drone  
  13  0:08  Drone  
  14  0:15  Drone, Extractor  
  15  0:21  Overlord  
  15  0:40  Drone  
  16  0:48  Hatchery  
  15  0:50  Drone  
  15  0:53  Drone  
  15  0:56  Drone  
  18  1:08  Extractor  
  17  1:13  Spawning Pool  
  17  1:16  Drone  
  17  1:19  Drone  
  18  1:26  Drone  
  19  1:37  Drone  
  20  1:59  Queen  
  20  2:00  Queen  
  20  2:01  Zergling x4  
  26  2:04  Overlord  
  26  2:11  Metabolic Boost  
  26  2:15  Drone  
  27  2:17  Drone  
  28  2:36  Drone x3  
  29  2:57  Drone x2  
  29  2:58  Drone x2  
  33  2:59  Hatchery  
  33  3:03  Queen  
  34  3:06  Zergling x2  
  35  3:16  Drone  
  35  3:19  Overlord  
  36  3:34  Overlord x2  
  36  3:50  Queen  
  36  3:51  Drone x2  
  36  3:52  Drone x3, Overlord  
  36  3:53  Overlord  
  43  4:17  Drone x4  
  43  4:18  Drone x2, Queen  
  51  4:31  Queen  
  51  4:32  Queen  
  51  4:34  Zergling x12  
  59  4:43  Drone x4  
  63  4:56  Baneling Nest, Drone  
  63  4:57  Drone x2  
  63  4:58  Extractor  
  63  4:59  Evolution Chamber  
  63  5:09  Queen x3  
  66  5:26  Zergling x4  
  66  5:27  Zergling x6  
  64  5:39  Zergling x4  
  64  5:40  Zergling x10  
  67  5:43  Spore Crawler  
  67  5:44  Spore Crawler  
  67  5:45  Spore Crawler  
  67  5:46  Spore Crawler  
  63  5:56  Drone  
  65  5:57  Drone x5  
  65  6:00  Lair  
  65  6:01  Zerg Melee Weapons Level 1  
  69  6:07  Spore Crawler  
  69  6:10  Spore Crawler  
  67  6:29  Drone x3  
  67  6:30  Extractor  
  68  6:42  Roach Warren  
  66  6:53  Hatchery  
  63  7:15  Overseer  
  63  7:16  Centrifugal Hooks  
  63  7:18  Zergling x24  
  63  7:21  Baneling x11  
  75  7:31  Zergling x10  
  73  7:52  Zergling x14  
  73  7:53  Zergling x2  
  81  8:02  Roach x2  
  81  8:03  Glial Reconstitution  
  82  8:07  Overlord x2  
  78  8:24  Overseer  
  76  8:27  Baneling x6  
  76  8:28  Baneling x7  
  76  8:35  Roach x2  
  76  8:36  Roach x3  
  74  9:00  Roach x4  
  73  9:02  Zergling x2  
  73  9:03  Zergling x2  
  73  9:04  Hatchery  
Show
View Real Time Build Order
Export as new Build Order

Mark Terran - Winner!

Build Orders: Reaper Expand, Hellion Banshee 

Get SALT Encoding   

  12  0:00  SCV  
  13  0:12  SCV  
  14  0:17  Supply Depot  
  14  0:24  SCV  
  15  0:39  SCV  
  15  0:40  Barracks  
  16  0:44  Refinery  
  16  0:51  SCV  
  17  1:03  SCV  
  18  1:15  SCV  
  19  1:27  Orbital Command, Reaper  
  20  1:41  Command Center  
  20  1:54  Supply Depot  
  20  1:55  SCV  
  20  1:59  Marine  
  22  2:07  SCV  
  23  2:09  Factory  
  23  2:20  SCV  
  24  2:28  Barracks Reactor  
  24  2:32  SCV  
  25  2:44  Command Center, SCV  
  26  2:56  Orbital Command  
  26  3:06  Starport, SCV  
  27  3:14  Hellion x2  
  27  3:15  Barracks Tech Lab  
  27  3:18  SCV  
  32  3:20  Refinery  
  32  3:21  SCV  
  33  3:30  SCV  
  33  3:34  SCV  
  35  3:36  Hellion x2  
  39  3:45  SCV  
  40  3:49  SCV  
  40  3:51  Banshee  
  44  3:57  Hellion x2  
  44  4:00  SCV  
  44  4:01  SCV  
  51  4:03  Orbital Command  
  50  4:14  SCV  
  50  4:15  Cloaking Field  
  51  4:17  SCV  
  51  4:18  Hellion x2, Refinery  
  56  4:25  Supply Depot  
  56  4:26  SCV  
  56  4:29  SCV  
  58  4:35  Supply Depot, SCV  
  58  4:40  Hellion  
  58  4:41  SCV  
  61  4:46  Banshee  
  61  4:47  Hellion  
  61  4:49  Supply Depot  
  66  4:55  Supply Depot, SCV  
  66  4:57  SCV  
  68  5:00  Refinery  
  69  5:07  Factory, SCV  
  69  5:09  Hellion, Factory, SCV  
  72  5:14  Supply Depot  
  72  5:17  Supply Depot  
  72  5:19  SCV  
  72  5:20  Orbital Command  
  73  5:27  SCV  
  74  5:28  Hellion  
  74  5:40  SCV  
  67  5:49  SCV x2  
  67  5:51  Hellion  
  67  5:52  Hellion, Factory Tech Lab, SCV  
  67  5:53  Banshee, Factory Tech Lab  
  71  6:01  SCV x2  
  71  6:03  Command Center  
  73  6:04  SCV  
  73  6:07  Refinery  
  74  6:11  Armory  
  74  6:13  Cyclone, SCV x2  
  74  6:16  SCV  
  80  6:22  Supply Depot  
  80  6:24  Cyclone  
  80  6:25  SCV x2, Infernal Pre-Igniter  
  83  6:26  Mag-Field Accelerator  
  83  6:28  SCV  
  86  6:33  Refinery  
  86  6:37  SCV  
  86  6:38  SCV  
  87  6:40  SCV  
  87  6:43  Hellion  
  90  6:49  Cyclone  
  90  6:50  SCV x2  
  90  6:53  SCV  
  96  6:55  Factory x2  
  96  6:56  Cyclone, Supply Depot  
  99  7:02  SCV x2  
  99  7:06  SCV  
  102  7:13  Supply Depot, Engineering Bay  
  102  7:14  SCV x2  
  104  7:17  Hellion  
  104  7:18  SCV  
  104  7:21  Cyclone  
  104  7:22  Supply Depot  
  110  7:24  Hellion  
  110  7:27  Terran Vehicle Weapons Level 1  
  110  7:28  Cyclone  
  115  7:32  Supply Depot  
  115  7:38  Hellion  
  115  7:39  Supply Depot, Factory Tech Lab  
  115  7:40  Factory Reactor  
  115  7:43  SCV  
  118  7:46  Hellion  
  118  7:50  SCV  
  102  7:53  Cyclone  
  97  8:00  Hellion  
  97  8:01  Cyclone, SCV  
  97  8:03  SCV x2  
  104  8:07  Hellion  
  104  8:09  Cyclone  
  109  8:13  SCV  
  109  8:15  SCV x2  
  112  8:21  Hellion  
  112  8:24  Hellion  
  112  8:25  Hellion, SCV, Cyclone  
  122  8:33  Cyclone, Supply Depot  
  125  8:35  Supply Depot  
  125  8:41  Cyclone  
  125  8:44  SCV x2  
  125  8:46  Sensor Tower  
  125  8:48  Hellion  
  132  8:50  Refinery  
  130  8:56  SCV  
  130  8:57  Cyclone  
  130  9:02  Hellion x2  
  124  9:05  Cyclone  
  124  9:08  Orbital Command, SCV  
  128  9:13  Cyclone  
  128  9:14  Refinery, SCV  
  132  9:21  SCV  
  133  9:26  SCV  
  134  9:33  SCV  
  134  9:37  SCV  
  135  9:38  SCV  
Tags
 
Composition
Hellion Banshee
League
Diamond
Matchup
TvZ
Replay Pack
Myownreplay2
Spawn Locations
Cross Positions
Add a new tag
Caveats
  • Supply blocks, unpowered buildings, or Contaminate may cause inaccurate times.
  • Supply counts are checked every 10 seconds.